[Event "GambitGuide"]
[Site "Internet Chess Club"]
[Date "2014.10.30"]
[Round "1"]
[White "JSBach"]
[Black "Prew"]
[Result "1-0"]
[ICCResult "Black disconnected and forfeits"]
[WhiteElo "1691"]
[BlackElo "2004"]
[Opening "Vienna: `Frankenstein-Dracula' variation"]
[ECO "C27"]
[NIC "VG.02"]
[Time "19:00:12"]
[TimeControl "120+12"]

1. e4 e5 2. Nc3 Nf6 3. Bc4 Nxe4 4. Qh5 Nd6 5. Bb3 Nc6 6. Nb5 g6 7. Qf3 f5 8.
Qd5 Qe7 9. Nxc7+ Kd8 10. Nxa8 b6 11. Ba4 Nb4 12. Qb3 Nb7 13. a3 Na5 14. Qxb4
{Black disconnected and forfeits}
1-0

[Event "GambitGuide"]
[Site "Internet Chess Club"]
[Date "2014.10.30"]
[Round "1"]
[White "JSBach"]
[Black "Travelreader1"]
[Result "0-1"]
[ICCResult "White checkmated"]
[WhiteElo "1691"]
[BlackElo "2222"]
[Opening "Vienna: `Frankenstein-Dracula' variation"]
[ECO "C27"]
[NIC "VG.02"]
[Time "19:00:19"]
[TimeControl "120+12"]

1. e4 e5 2. Nc3 Nf6 3. Bc4 Nxe4 4. Qh5 Nd6 5. Bb3 Nc6 6. Nb5 g6 7. Qf3 f5 8.
Qd5 Qe7 9. Nxc7+ Kd8 10. Nxa8 b6 11. Ba4 Bb7 12. Nxb6 axb6 13. Qb3 b5 14.
Nf3 bxa4 15. Qxa4 Bg7 16. d3 e4 17. Bg5 Bf6 18. Bxf6 Qxf6 19. Nd2 exd3 20.
cxd3 Re8+ 21. Kf1 Kc7 22. Rc1 Qe5 23. Qc2 Qe2+ 24. Kg1 Kb8 25. Qc3 Ne5 26.
Qc7+ Ka8 27. Qa5+ Kb8 28. d4 Nc6 29. Qd5 Qxd2 30. Qxd6+ Kc8 31. Rf1 Re1 32.
Qf8+ Kc7 33. g3 Rxf1+ 34. Kxf1 Qd1+ 35. Kg2 Nxd4+ 36. f3 Bxf3+ 37. Kh3 Bg4+
38. Kg2 Qe2+ 39. Kg1 Nf3# {White checkmated} 0-1

[Event "GambitGuide"]
[Site "Internet Chess Club"]
[Date "2014.10.30"]
[Round "1"]
[White "JSBach"]
[Black "kingsac"]
[Result "1-0"]
[ICCResult "Black resigns"]
[WhiteElo "1691"]
[BlackElo "1964"]
[Opening "Vienna: `Frankenstein-Dracula' variation"]
[ECO "C27"]
[NIC "VG.02"]
[Time "19:00:44"]
[TimeControl "120+12"]

1. e4 e5 2. Nc3 Nf6 3. Bc4 Nxe4 4. Qh5 Nd6 5. Bb3 Nc6 6. Nb5 g6 7. Qf3 f5 8.
Qd5 Qe7 9. Nxc7+ Kd8 10. Nxa8 b6 11. Ba4 Bb7 12. Nxb6 axb6 13. Qb3 Kc7 14.
Ne2 Ba6 15. Nc3 Nd4 16. Nd5+ Kd8 17. Qxb6+ {Black resigns} 1-0

[Event "GambitGuide"]
[Site "Internet Chess Club"]
[Date "2014.10.30"]
[Round "1"]
[White "JSBach"]
[Black "fishhead"]
[Result "1-0"]
[ICCResult "Black resigns"]
[WhiteElo "1691"]
[BlackElo "1597"]
[Opening "Vienna: `Frankenstein-Dracula' variation"]
[ECO "C27"]
[NIC "VG.02"]
[Time "18:59:29"]
[TimeControl "120+12"]

1. e4 e5 2. Nc3 Nf6 3. Bc4 Nxe4 4. Qh5 Nd6 5. Bb3 Nc6 6. Nb5 g6 7. Qf3 f5 8.
Qd5 Qe7 9. Nxc7+ Kd8 10. Nxa8 b6 11. Ba4 Bb7 12. Nxb6 axb6 13. Qb3 b5 14.
Ne2 bxa4 15. Qxa4 Bg7 16. d3 Re8 17. Be3 h6 18. b4 Qf6 19. Ng3 Nc8 20. Qb5
Kc7 21. Bc5 d6 22. Be3 Qe6 23. Ne2 Qd7 24. O-O N6e7 25. Qa5+ Kb8 26. f3 Qc7
27. Qb5 Qc6 28. a4 Qxb5 29. axb5 d5 30. Rfe1 d4 31. Bd2 Nb6 32. Ra3 Rc8 33.
Nxd4 Ned5 34. Nb3 Rxc2 35. Rea1 f4 36. Ra7 Ne3 37. Nc5 {Black resigns} 1-0

[Event "GambitGuide"]
[Site "Internet Chess Club"]
[Date "2014.10.30"]
[Round "1"]
[White "JSBach"]
[Black "AdithJosh"]
[Result "1-0"]
[ICCResult "Black resigns"]
[WhiteElo "1691"]
[BlackElo "1173"]
[Opening "Vienna: `Frankenstein-Dracula' variation"]
[ECO "C27"]
[NIC "VG.02"]
[Time "19:01:23"]
[TimeControl "120+12"]

1. e4 e5 2. Nc3 Nf6 3. Bc4 Nxe4 4. Qh5 Nd6 5. Bb3 Nc6 6. Nb5 g6 7. Qf3 f5 8.
Qd5 Qe7 9. Nxc7+ Kd8 10. Nxa8 b6 11. Ba4 Bb7 12. Nxb6 Nb4 13. Qa5 Bxg2 14.
Nd5+ {Black resigns} 1-0

[Event "GambitGuide"]
[Site "Internet Chess Club"]
[Date "2014.10.30"]
[Round "1"]
[White "JSBach"]
[Black "Heian"]
[Result "1-0"]
[ICCResult "Black resigns"]
[WhiteElo "1691"]
[BlackElo "1562"]
[Opening "Vienna: `Frankenstein-Dracula' variation"]
[ECO "C27"]
[NIC "VG.02"]
[Time "19:00:54"]
[TimeControl "120+12"]

1. e4 e5 2. Nc3 Nf6 3. Bc4 Nxe4 4. Qh5 Nd6 5. Bb3 Nc6 6. Nb5 g6 7. Qf3 f5 8.
Qd5 Qe7 9. Nxc7+ Kd8 10. Nxa8 b6 11. Ba4 Bb7 12. Nxb6 axb6 13. Qb3 Kc7 14.
Ne2 e4 15. d4 exd3 16. Qxd3 Ne5 17. Qg3 Bg7 18. Bg5 Bf6 19. Bxf6 Qxf6 20.
Rd1 Nef7 21. Bb3 Re8 22. Bxf7 Rxe2+ 23. Kxe2 Qe7+ 24. Kf1 Ba6+ 25. c4 Bxc4+
26. Bxc4 {Black resigns} 1-0

[Event "GambitGuide"]
[Site "Internet Chess Club"]
[Date "2014.10.30"]
[Round "1"]
[White "JSBach"]
[Black "demo05"]
[Result "0-1"]
[ICCResult "White checkmated"]
[WhiteElo "1691"]
[BlackElo "2174"]
[Opening "Vienna: `Frankenstein-Dracula' variation"]
[ECO "C27"]
[NIC "VG.02"]
[Time "19:02:10"]
[TimeControl "120+12"]

1. e4 e5 2. Nc3 Nf6 3. Bc4 Nxe4 4. Qh5 Nd6 5. Bb3 Nc6 6. Nb5 g6 7. Qf3 f5 8.
Qd5 Qe7 9. Nxc7+ Kd8 10. Nxa8 b6 11. Ba4 Bb7 12. Nxb6 axb6 13. Qb3 Kc7 14.
Ne2 Nd4 15. Nxd4 exd4+ 16. Kf1 Bh6 17. Qb4 Re8 18. Qxd6+ Kxd6 19. a3 Qe1#
{White checkmated}
0-1

[Event "GambitGuide"]
[Site "Internet Chess Club"]
[Date "2014.10.30"]
[Round "1"]
[White "JSBach"]
[Black "AdithJosh"]
[Result "1-0"]
[ICCResult "Black resigns"]
[WhiteElo "1691"]
[BlackElo "1173"]
[Opening "Vienna: `Frankenstein-Dracula' variation"]
[ECO "C27"]
[NIC "VG.02"]
[Time "19:02:01"]
[TimeControl "120+12"]

1. e4 e5 2. Nc3 Nf6 3. Bc4 Nxe4 4. Qh5 Nd6 5. Bb3 Nc6 6. Nb5 g6 7. Qf3 f5 8.
Qd5 Qe7 9. Nxc7+ Kd8 10. Nxa8 b6 11. Ba4 Bb7 12. Nxb6 axb6 13. Qb3 b5 14.
Nf3 bxa4 15. Qxa4 Ba6 16. Qxa6 Nb4 17. Qa5+ {Black resigns} 1-0

[Event "GambitGuide"]
[Site "Internet Chess Club"]
[Date "2014.10.30"]
[Round "1"]
[White "JSBach"]
[Black "Lucas"]
[Result "1-0"]
[ICCResult "Black resigns"]
[WhiteElo "1691"]
[BlackElo "2376"]
[Opening "Vienna: `Frankenstein-Dracula' variation"]
[ECO "C27"]
[NIC "VG.02"]
[Time "19:00:33"]
[TimeControl "120+12"]

1. e4 e5 2. Nc3 Nf6 3. Bc4 Nxe4 4. Qh5 Nd6 5. Bb3 Nc6 6. Nb5 g6 7. Qf3 f5 8.
Qd5 Qe7 9. Nxc7+ Kd8 10. Nxa8 b6 11. Ba4 Bb7 12. Nxb6 axb6 13. Qb3 Kc7 14.
Ne2 Ne4 15. Qb5 Qc5 16. O-O Qxb5 17. Bxb5 Bc5 18. d3 Nxf2 19. Rxf2 Bxf2+ 20.
Kxf2 Re8 21. Bc4 Ne7 22. Bg5 d5 23. Bb5 Bc6 24. Bxc6 Nxc6 25. Rc1 d4 26. g3
e4 27. Bf6 exd3 28. cxd3 Kb7 29. a3 Re3 30. Nxd4 Rxd3 31. Nxc6 Rd2+ 32. Kg1
Rd6 33. Nd8+ Ka6 34. Bg5 h6 35. Nf7 Rd5 36. Nxh6 Rb5 37. Rc6 Rxb2 38. Rxg6
Rb3 39. Nxf5 Rxa3 40. h4 Kb7 41. Nd6+ Ka6 42. Bf6 b5 43. h5 b4 44. h6 Kb6
45. Nc4+ {Black resigns} 1-0

[Event "GambitGuide"]
[Site "Internet Chess Club"]
[Date "2014.10.30"]
[Round "1"]
[White "JSBach"]
[Black "chess2009"]
[Result "1-0"]
[ICCResult "Black resigns"]
[WhiteElo "1691"]
[BlackElo "1452"]
[Opening "Vienna: `Frankenstein-Dracula' variation"]
[ECO "C27"]
[NIC "VG.02"]
[Time "19:01:38"]
[TimeControl "120+12"]

1. e4 e5 2. Nc3 Nf6 3. Bc4 Nxe4 4. Qh5 Nd6 5. Bb3 Nc6 6. Nb5 g6 7. Qf3 f5 8.
Qd5 Qe7 9. Nxc7+ Kd8 10. Nxa8 b6 11. Ba4 Nb4 12. Qb3 Ne4 13. d3 Nc5 14. Qc4
Ba6 15. Bb5 Bxb5 16. Qc3 Nbxd3+ 17. cxd3 Nxd3+ 18. Kd2 Qb4 19. Kc2 Qxc3+ 20.
Kxc3 Nxf2 21. Bg5+ Ke8 22. Nc7+ Kf7 23. Nf3 Nxh1 24. Nxe5+ Kg7 25. Nxb5 Nf2
26. Be3 Ne4+ 27. Kc4 Be7 28. Nxa7 Rc8+ 29. Nxc8 d6 30. Nxe7 dxe5 31. Nc6
Nd6+ 32. Kd5 Nf7 33. Bxb6 Kf6 34. Nxe5 f4 35. Nxf7 Kxf7 36. a4 {Black
resigns} 1-0

[Event "GambitGuide"]
[Site "Internet Chess Club"]
[Date "2014.10.30"]
[Round "1"]
[White "JSBach"]
[Black "kingsac"]
[Result "1-0"]
[ICCResult "Black resigns"]
[WhiteElo "1691"]
[BlackElo "1964"]
[Opening "Vienna: `Frankenstein-Dracula' variation"]
[ECO "C27"]
[NIC "VG.02"]
[Time "19:01:21"]
[TimeControl "120+12"]

1. e4 e5 2. Nc3 Nf6 3. Bc4 Nxe4 4. Qh5 Nd6 5. Bb3 Nc6 6. Nb5 g6 7. Qf3 f5 8.
Qd5 Qe7 9. Nxc7+ Kd8 10. Nxa8 b6 11. Ba4 Bb7 12. Nxb6 axb6 13. Qb3 Kc7 14.
Ne2 Ne4 15. Qb5 Qc5 16. O-O Qxb5 17. Bxb5 Bc5 18. d3 Nd6 19. Ba4 b5 20. Bb3
Na5 21. Be3 Kc6 22. Rac1 Ra8 23. Rfd1 Kb6 24. Bxc5+ Kxc5 25. d4+ exd4 26.
Nxd4 Ne4 27. a4 Nxb3 28. Nxb3+ Kb6 29. axb5 Kxb5 30. Rxd7 Kc6 31. Rxh7 Rd8
32. Na5+ {Black resigns} 1-0

[Event "GambitGuide"]
[Site "Internet Chess Club"]
[Date "2014.10.30"]
[Round "1"]
[White "JSBach"]
[Black "fishhead"]
[Result "1-0"]
[ICCResult "Black resigns"]
[WhiteElo "1691"]
[BlackElo "1597"]
[Opening "Vienna: `Frankenstein-Dracula' variation"]
[ECO "C27"]
[NIC "VG.02"]
[Time "19:02:13"]
[TimeControl "120+12"]

1. e4 e5 2. Nc3 Nf6 3. Bc4 Nxe4 4. Qh5 Nd6 5. Bb3 Nc6 6. Nb5 g6 7. Qf3 f5 8.
Qd5 Qe7 9. Nxc7+ Kd8 10. Nxa8 b6 11. Ba4 Bb7 12. Nxb6 axb6 13. Qb3 b5 14.
Nf3 bxa4 15. Qxa4 Bg7 16. O-O Re8 17. Re1 Qf7 18. Ng5 Qg8 19. Qh4 h6 20.
Nf7+ Kc7 21. Nxh6 Qh7 22. Nxf5 Qxh4 23. Nxh4 g5 24. Nf3 g4 25. Ng5 Nd4 26.
Re3 Kb8 27. Rb1 Nxc2 28. Rd3 Nd4 29. b3 Ba6 30. Re3 Nc2 31. Rc3 Nb4 32. Ba3
Nd5 33. Bxd6+ {Black resigns} 1-0

[Event "GambitGuide"]
[Site "Internet Chess Club"]
[Date "2014.10.30"]
[Round "1"]
[White "JSBach"]
[Black "Labsb"]
[Result "1-0"]
[ICCResult "Black checkmated"]
[WhiteElo "1691"]
[BlackElo "1409"]
[Opening "Vienna: `Frankenstein-Dracula' variation"]
[ECO "C27"]
[NIC "VG.02"]
[Time "19:02:04"]
[TimeControl "120+12"]

1. e4 e5 2. Nc3 Nf6 3. Bc4 Nxe4 4. Qh5 Nd6 5. Bb3 Nc6 6. Nb5 g6 7. Qf3 f5 8.
Qd5 Qe7 9. Nxc7+ Kd8 10. Nxa8 b6 11. Ba4 b5 12. Bxb5 Nxb5 13. Qxb5 Qb4 14.
Qxb4 Bxb4 15. c3 Bc5 16. b4 Be7 17. b5 Na5 18. f4 Nc4 19. fxe5 Nxe5 20. d4
Nd3+ 21. Kf1 Bh4 22. Nf3 Bf6 23. Be3 Re8 24. Bg5 Bxg5 25. Nxg5 Bb7 26. Rd1
Nf4 27. Rg1 Ne2 28. Re1 Nxg1 29. Nf7+ Kc8 30. Rxe8# {Black checkmated} 1-0

[Event "GambitGuide"]
[Site "Internet Chess Club"]
[Date "2014.10.30"]
[Round "1"]
[White "JSBach"]
[Black "Nightlife"]
[Result "1-0"]
[ICCResult "Black resigns"]
[WhiteElo "1691"]
[BlackElo "1629"]
[Opening "Vienna: `Frankenstein-Dracula' variation"]
[ECO "C27"]
[NIC "VG.02"]
[Time "19:01:33"]
[TimeControl "120+12"]

1. e4 e5 2. Nc3 Nf6 3. Bc4 Nxe4 4. Qh5 Nd6 5. Bb3 Nc6 6. Nb5 g6 7. Qf3 f5 8.
Qd5 Qe7 9. Nxc7+ Kd8 10. Nxa8 b6 11. Ba4 Bb7 12. Nxb6 axb6 13. Qb3 Kc7 14.
Ne2 Nd4 15. Nxd4 exd4+ 16. Kf1 Qe4 17. f3 Qd5 18. Qxd5 Bxd5 19. Ke2 b5 20.
Bb3 Nc4 21. a4 b4 22. Kd3 Bg7 23. Bxc4 Bxc4+ 24. Kxc4 {Black resigns} 1-0

[Event "GambitGuide"]
[Site "Internet Chess Club"]
[Date "2014.10.30"]
[Round "1"]
[White "JSBach"]
[Black "bunuel"]
[Result "1-0"]
[ICCResult "Black checkmated"]
[WhiteElo "1691"]
[BlackElo "1386"]
[Opening "Vienna: `Frankenstein-Dracula' variation"]
[ECO "C27"]
[NIC "VG.02"]
[Time "19:02:41"]
[TimeControl "120+12"]

1. e4 e5 2. Nc3 Nf6 3. Bc4 Nxe4 4. Qh5 Nd6 5. Bb3 Nc6 6. Nb5 g6 7. Qf3 f5 8.
Qd5 Qe7 9. Nxc7+ Kd8 10. Nxa8 b6 11. Ba4 b5 12. Bxb5 Nxb5 13. Qxb5 Qc5 14.
Qxc5 Bxc5 15. d3 Bb6 16. Bg5+ Ke8 17. Nxb6 axb6 18. f4 Kf7 19. fxe5 Nxe5 20.
d4 Ng4 21. Ne2 h6 22. Bf4 g5 23. Bc7 Re8 24. Bxb6 f4 25. Kd2 Ne3 26. b3 Nd5
27. Bc5 d6 28. Bxd6 Rd8 29. Be5 Nb4 30. c4 Nc6 31. Bc7 Rd7 32. Bb6 Bb7 33.
a4 Nb4 34. d5 Nxd5 35. cxd5 Bxd5 36. Bd4 Bxb3 37. a5 Ke6 38. Rae1 Ba4 39.
Nxf4+ Kf5 40. Ne6 Rd6 41. Rhf1+ Kg6 42. Rf6+ Kh5 43. Ng7+ Kh4 44. Rxh6+ Kg4
45. Re4# {Black checkmated} 1-0

[Event "GambitGuide"]
[Site "Internet Chess Club"]
[Date "2014.10.30"]
[Round "1"]
[White "JSBach"]
[Black "Qualm"]
[Result "1-0"]
[ICCResult "Black checkmated"]
[WhiteElo "1691"]
[BlackElo "1730"]
[Opening "Vienna: `Frankenstein-Dracula' variation"]
[ECO "C27"]
[NIC "VG.02"]
[Time "19:00:48"]
[TimeControl "120+12"]

1. e4 e5 2. Nc3 Nf6 3. Bc4 Nxe4 4. Qh5 Nd6 5. Bb3 Nc6 6. Nb5 g6 7. Qf3 f5 8.
Qd5 Qe7 9. Nxc7+ Kd8 10. Nxa8 b6 11. Ba4 Nd4 12. f4 Bb7 13. Qxe5 Bxg2 14.
Nxb6 axb6 15. c3 N4b5 16. Qxe7+ Bxe7 17. Bxb5 Nxb5 18. c4 Nd4 19. Ne2 Nc2+
20. Kd1 Bxh1 21. Kxc2 Bc6 22. Nd4 Re8 23. d3 Bf6 24. Nxc6+ dxc6 25. Bd2 Re2
26. a4 Bd4 27. h3 Be3 28. Rd1 h6 29. Kc3 c5 30. Bxe3 Rxe3 31. h4 Rh3 32. Rg1
Rxh4 33. Rxg6 Rxf4 34. Rxb6 h5 35. Rb5 h4 36. Rxc5 h3 37. Rd5+ Kc7 38. Rc5+
Kb6 39. b4 h2 40. a5+ Kb7 41. a6+ Kxa6 42. Rc6+ Kb7 43. Rh6 Rf2 44. Rh7+ Kb6
45. d4 f4 46. d5 f3 47. d6 Rg2 48. c5+ Kc6 49. d7 Kc7 50. b5 f2 51. b6+ Kd8
52. c6 f1=Q 53. c7# {Black checkmated} 1-0

[Event "GambitGuide"]
[Site "Internet Chess Club"]
[Date "2014.10.30"]
[Round "1"]
[White "JSBach"]
[Black "jefferyx"]
[Result "0-1"]
[ICCResult "White checkmated"]
[WhiteElo "1691"]
[BlackElo "2818"]
[Opening "Vienna: `Frankenstein-Dracula' variation"]
[ECO "C27"]
[NIC "VG.02"]
[Time "19:01:04"]
[TimeControl "120+12"]

1. e4 e5 2. Nc3 Nf6 3. Bc4 Nxe4 4. Qh5 Nd6 5. Bb3 Nc6 6. Nb5 g6 7. Qf3 f5 8.
Qd5 Qe7 9. Nxc7+ Kd8 10. Nxa8 b6 11. Ba4 Bb7 12. Nxb6 axb6 13. Qb3 b5 14.
Ne2 bxa4 15. Qxa4 Bg7 16. O-O Kc7 17. Re1 Ra8 18. Qb3 Qe6 19. Qxe6 dxe6 20.
a4 e4 21. Ng3 h5 22. Kh1 h4 23. Nf1 h3 24. gxh3 Nd4 25. Ne3 f4 26. c3 Nf3
27. Nc2 e3 28. Rd1 Ne1+ 29. Kg1 Nxc2 30. dxe3 Nxa1 31. e4 Nxe4 32. Bxf4+ e5
33. Bxe5+ Bxe5 34. Rxa1 Nd2 35. a5 Nf3+ 36. Kg2 Rf8 37. a6 Ba8 38. Kf1 Nxh2+
39. Ke2 Re8 40. Kd1 Bf4 41. Ra4 Bf3+ 42. Kc2 Be4+ 43. Kb3 Kb6 44. a7 Bd5+
45. c4 Be4 46. c5+ Kb7 47. a8=Q+ Rxa8 48. Rxe4 Bc7 49. Re6 g5 50. Kc4 Ra4+
51. b4 Nf3 52. c6+ Kb6 53. Re3 Ne5+ 54. Kb3 Ra8 55. Rg3 Rg8 56. h4 g4 57.
Rc3 Nxc6 58. h5 Rh8 59. Rc5 Nd4+ 60. Kc4 Ne6 61. Rf5 Nf4 62. Rf6+ Kb7 63. h6
Nh3 64. b5 Be5 65. Re6 Bc7 66. Rf6 Bb6 67. Rf7+ Kb8 68. h7 Bd8 69. Kc5 Ng5
70. Rd7 Nxh7 71. b6 Nf6 72. Rf7 Ne4+ 73. Kc6 Rh6+ 74. Kd5 Nc3+ 75. Kd4 Nb5+
76. Kc5 Rxb6 77. Rf8 Kc7 78. Rxd8 Kxd8 79. Kxb6 Nc3 80. Kc5 Ne4+ 81. Kd5
Nxf2 82. Kd4 Nh3 83. Ke3 Ke7 84. Ke4 Kf6 85. Ke3 Kg5 86. Ke4 Kh4 87. Ke3 Kg3
88. Kd4 Kh2 89. Kd3 g3 90. Kc4 g2 91. Kd4 g1=Q+ 92. Ke4 Qf2 93. Ke5 Kg3 94.
Kd5 Qe3 95. Kc6 Kf4 96. Kd5 Ng5 97. Kc4 Ne4 98. Kb5 Kf5 99. Kc6 Ke5 100. Kc7
Qa7+ 101. Kc6 Qa6+ 102. Kd7 Nf6+ 103. Kc7 Nd5+ 104. Kd8 Qb7 105. Ke8 Qe7#
{White checkmated}
0-1

[Event "GambitGuide"]
[Site "Internet Chess Club"]
[Date "2014.10.30"]
[Round "1"]
[White "JSBach"]
[Black "chess2009"]
[Result "1-0"]
[ICCResult "Black resigns"]
[WhiteElo "1691"]
[BlackElo "1452"]
[Opening "Vienna: `Frankenstein-Dracula' variation"]
[ECO "C27"]
[NIC "VG.02"]
[Time "19:03:18"]
[TimeControl "120+12"]

1. e4 e5 2. Nc3 Nf6 3. Bc4 Nxe4 4. Qh5 Nd6 5. Bb3 Nc6 6. Nb5 g6 7. Qf3 f5 8.
Qd5 Qe7 9. Nxc7+ Kd8 10. Nxa8 b6 11. Ba4 Nb4 12. Qb3 Ne4 13. a3 Bb7 14. axb4
Bxa8 15. Bb5 a5 16. bxa5 bxa5 17. Rxa5 Bb7 18. Ra7 d6 19. Bc6 Nc5 20. Qb6+
Qc7 21. Rxb7 Nxb7 22. Qxb7 Qxb7 23. Bxb7 {Black resigns} 1-0

[Event "GambitGuide"]
[Site "Internet Chess Club"]
[Date "2014.10.30"]
[Round "1"]
[White "JSBach"]
[Black "Lucas"]
[Result "1-0"]
[ICCResult "Black checkmated"]
[WhiteElo "1691"]
[BlackElo "2376"]
[Opening "Vienna: `Frankenstein-Dracula' variation"]
[ECO "C27"]
[NIC "VG.02"]
[Time "19:02:49"]
[TimeControl "120+12"]

1. e4 e5 2. Nc3 Nf6 3. Bc4 Nxe4 4. Qh5 Nd6 5. Bb3 Nc6 6. Nb5 g6 7. Qf3 f5 8.
Qd5 Qe7 9. Nxc7+ Kd8 10. Nxa8 b6 11. Ba4 Bb7 12. Nxb6 axb6 13. Qb3 Nc8 14.
Ne2 Qe6 15. Qxe6 dxe6 16. f3 Bc5 17. Bb3 Ke7 18. d3 Na5 19. Bg5+ Kf7 20. Ba4
Bc6 21. Nc3 Bxa4 22. Nxa4 Nd6 23. Nxc5 bxc5 24. Bd2 Nc6 25. a4 c4 26. dxc4
Nxc4 27. O-O-O Nd4 28. Rhe1 Ra8 29. b3 Nb6 30. Rxe5 Nc6 31. Rb5 Nd5 32. Rc5
Ncb4 33. Bxb4 Nxb4 34. Rc7+ Kf6 35. Rb7 Nd5 36. Rxh7 Nc3 37. Rd3 Ne2+ 38.
Kd1 Nf4 39. Rd2 Rc8 40. c4 Rb8 41. g3 Nh5 42. Kc2 Ng7 43. f4 g5 44. Rd7 Rg8
45. Rh6# {Black checkmated} 1-0

[Event "GambitGuide"]
[Site "Internet Chess Club"]
[Date "2014.10.30"]
[Round "1"]
[White "JSBach"]
[Black "AdithJosh"]
[Result "1-0"]
[ICCResult "Black resigns"]
[WhiteElo "1691"]
[BlackElo "1173"]
[Opening "Vienna: `Frankenstein-Dracula' variation"]
[ECO "C27"]
[NIC "VG.02"]
[Time "19:02:44"]
[TimeControl "120+12"]

1. e4 e5 2. Nc3 Nf6 3. Bc4 Nxe4 4. Qh5 Nd6 5. Bb3 Nc6 6. Nb5 g6 7. Qf3 f5 8.
Qd5 Qe7 9. Nxc7+ Kd8 10. Nxa8 b6 11. Ba4 Bb7 12. Nxb6 axb6 13. Qb3 b5 14.
Nf3 bxa4 15. Qxa4 Ne4 16. Qb5 Kc7 17. O-O g5 18. d4 g4 19. Nxe5 Nxd4 20.
Qa5+ Kd6 21. Nc4+ Ke6 22. Qe5+ Kf7 23. Qxh8 Bg7 24. Qxh7 Ne2+ 25. Kh1
{Black resigns}
1-0

[Event "GambitGuide"]
[Site "Internet Chess Club"]
[Date "2014.10.30"]
[Round "1"]
[White "JSBach"]
[Black "nihil95"]
[Result "1-0"]
[ICCResult "Black resigns"]
[WhiteElo "1691"]
[BlackElo "1714"]
[Opening "Vienna: `Frankenstein-Dracula' variation"]
[ECO "C27"]
[NIC "VG.02"]
[Time "19:01:17"]
[TimeControl "120+12"]

1. e4 e5 2. Nc3 Nf6 3. Bc4 Nxe4 4. Qh5 Nd6 5. Bb3 Nc6 6. Nb5 g6 7. Qf3 f5 8.
Qd5 Qe7 9. Nxc7+ Kd8 10. Nxa8 b6 11. Ba4 Nb4 12. Qb3 Ne4 13. d3 Nc5 14. Qc4
e4 15. d4 Ba6 16. Bb5 Bxb5 17. Qc3 Ne6 18. Be3 Bg7 19. Ne2 Bd3 20. cxd3
Nxd3+ 21. Kf1 Qd6 22. f3 Rf8 23. Qa3 Qd5 24. Qxa7 Ke7 25. Nxb6 Qd6 26. Nc4
Qd5 27. Nb6 Qd6 28. Nc4 Qc6 29. Na5 Qb5 30. Nb3 f4 31. Nc3 Qc4 32. Nd2 Qb4
33. Nd5+ {Black resigns} 1-0

[Event "GambitGuide"]
[Site "Internet Chess Club"]
[Date "2014.10.30"]
[Round "1"]
[White "JSBach"]
[Black "bunuel"]
[Result "1-0"]
[ICCResult "Black resigns"]
[WhiteElo "1691"]
[BlackElo "1386"]
[Opening "Vienna: `Frankenstein-Dracula' variation"]
[ECO "C27"]
[NIC "VG.02"]
[Time "19:04:02"]
[TimeControl "120+12"]

1. e4 e5 2. Nc3 Nf6 3. Bc4 Nxe4 4. Qh5 Nd6 5. Bb3 Nc6 6. Nb5 g6 7. Qf3 f5 8.
Qd5 Qe7 9. Nxc7+ Kd8 10. Nxa8 b6 11. Ba4 Nd4 12. f4 Bb7 13. Qxe5 Qf7 14.
Qxh8 {Black resigns} 1-0

[Event "GambitGuide"]
[Site "Internet Chess Club"]
[Date "2014.10.30"]
[Round "1"]
[White "JSBach"]
[Black "fishhead"]
[Result "1-0"]
[ICCResult "Black checkmated"]
[WhiteElo "1691"]
[BlackElo "1597"]
[Opening "Vienna: `Frankenstein-Dracula' variation"]
[ECO "C27"]
[NIC "VG.02"]
[Time "19:03:59"]
[TimeControl "120+12"]

1. e4 e5 2. Nc3 Nf6 3. Bc4 Nxe4 4. Qh5 Nd6 5. Bb3 Nc6 6. Nb5 g6 7. Qf3 f5 8.
Qd5 Qe7 9. Nxc7+ Kd8 10. Nxa8 b6 11. Ba4 Bb7 12. Nxb6 axb6 13. Qb3 b5 14.
Nf3 bxa4 15. Qxa4 Bg7 16. O-O e4 17. Ne1 Ne5 18. d4 exd3 19. f4 Ng4 20. Nxd3
Ne4 21. h3 Ngf6 22. Qa7 Bc6 23. Qb8# {Black checkmated} 1-0

[Event "GambitGuide"]
[Site "Internet Chess Club"]
[Date "2014.10.30"]
[Round "1"]
[White "JSBach"]
[Black "TheJedi"]
[Result "1-0"]
[ICCResult "Black resigns"]
[WhiteElo "1691"]
[BlackElo "2119"]
[Opening "Vienna: `Frankenstein-Dracula' variation"]
[ECO "C27"]
[NIC "VG.02"]
[Time "19:03:26"]
[TimeControl "120+12"]

1. e4 e5 2. Nc3 Nf6 3. Bc4 Nxe4 4. Qh5 Nd6 5. Bb3 Nc6 6. Nb5 g6 7. Qf3 f5 8.
Qd5 Qe7 9. Nxc7+ Kd8 10. Nxa8 b6 11. Ba4 Bb7 12. Nxb6 axb6 13. Qb3 Kc7 14.
Ne2 Na5 15. Qh3 Bg7 16. d3 b5 17. Bd2 Nc6 18. Nc3 Na7 19. Bb3 h5 20. a4 b4
21. Nd5+ Bxd5 22. Bxd5 Nc6 23. Bxc6 dxc6 24. Bxb4 Qe6 25. Qe3 Nb7 26. Qa7
Qd5 27. f3 c5 28. Ba5+ Kc8 29. Qa6 Qd6 30. Qa8+ Qb8 31. Qa6 Qd6 32. Bb6 Bf6
33. a5 {Black resigns} 1-0

[Event "GambitGuide"]
[Site "Internet Chess Club"]
[Date "2014.10.30"]
[Round "1"]
[White "JSBach"]
[Black "Labsb"]
[Result "1-0"]
[ICCResult "Black checkmated"]
[WhiteElo "1691"]
[BlackElo "1409"]
[Opening "Vienna: `Frankenstein-Dracula' variation"]
[ECO "C27"]
[NIC "VG.02"]
[Time "19:03:31"]
[TimeControl "120+12"]

1. e4 e5 2. Nc3 Nf6 3. Bc4 Nxe4 4. Qh5 Nd6 5. Bb3 Nc6 6. Nb5 g6 7. Qf3 f5 8.
Qd5 Qe7 9. Nxc7+ Kd8 10. Nxa8 b6 11. Ba4 Bb7 12. Nxb6 axb6 13. Qb3 Bh6 14.
d3 f4 15. Qxb6+ Ke8 16. Bxc6 Bxc6 17. Qb8+ Kf7 18. Qxh8 Bxg2 19. Nf3 Bxh1
20. Nxe5+ Ke6 21. Nxg6 hxg6 22. Qxh6 Bf3 23. Qxf4 Qf6 24. Qxf6+ Kxf6 25. a4
g5 26. b4 g4 27. Bb2+ Kf5 28. a5 Nb7 29. a6 Nd6 30. Ra5+ Kf4 31. Bc1#
{Black checkmated}
1-0

[Event "GambitGuide"]
[Site "Internet Chess Club"]
[Date "2014.10.30"]
[Round "1"]
[White "JSBach"]
[Black "Qualm"]
[Result "0-1"]
[ICCResult "White checkmated"]
[WhiteElo "1691"]
[BlackElo "1730"]
[Opening "Vienna: `Frankenstein-Dracula' variation"]
[ECO "C27"]
[NIC "VG.02"]
[Time "19:03:52"]
[TimeControl "120+12"]

1. e4 e5 2. Nc3 Nf6 3. Bc4 Nxe4 4. Qh5 Nd6 5. Bb3 Nc6 6. Nb5 g6 7. Qf3 f5 8.
Qd5 Qe7 9. Nxc7+ Kd8 10. Nxa8 b6 11. Ba4 Nd4 12. f4 exf4+ 13. Kd1 Bg7 14. g4
Bb7 15. Nxb6 axb6 16. Qxb7 Nxb7 17. gxf5 Nxf5 18. d3 Ne3+ 19. Bxe3 Qxe3 20.
Rb1 Re8 21. Nh3 Qxh3 22. c3 Qg2 23. Bc6 dxc6 24. Re1 f3 25. Re7 Rxe7 26. d4
Qe2+ 27. Kc1 Bh6# {White checkmated} 0-1

[Event "GambitGuide"]
[Site "Internet Chess Club"]
[Date "2014.10.30"]
[Round "1"]
[White "JSBach"]
[Black "kingsac"]
[Result "1-0"]
[ICCResult "Black checkmated"]
[WhiteElo "1691"]
[BlackElo "1964"]
[Opening "Vienna: `Frankenstein-Dracula' variation"]
[ECO "C27"]
[NIC "VG.02"]
[Time "19:03:24"]
[TimeControl "120+12"]

1. e4 e5 2. Nc3 Nf6 3. Bc4 Nxe4 4. Qh5 Nd6 5. Bb3 Nc6 6. Nb5 g6 7. Qf3 f5 8.
Qd5 Qe7 9. Nxc7+ Kd8 10. Nxa8 b6 11. Ba4 Bb7 12. Nxb6 axb6 13. Qb3 Kc7 14.
Ne2 Nd4 15. Nxd4 exd4+ 16. Kf1 Ba6+ 17. d3 b5 18. Bf4 bxa4 19. Qxa4 Bb7 20.
Qxd4 g5 21. Bxd6+ Qxd6 22. Qxh8 Qc6 23. Qxf8 Qxg2+ 24. Ke2 Qf3+ 25. Kd2
Qxf2+ 26. Kc3 Bxh1 27. Rxh1 Qf3 28. Qc5+ Kd8 29. Rg1 g4 30. a4 h5 31. Qb6+
Kc8 32. Qc5+ Kd8 33. b4 h4 34. Qb6+ Kc8 35. Qa6+ Kd8 36. Qf6+ Kc8 37. Qh8+
Kc7 38. Qxh4 Qc6+ 39. Kb3 Qe6+ 40. c4 d6 41. Qh7+ Kc6 42. b5+ Kb6 43. a5+
Kc5 44. Qa7# {Black checkmated} 1-0